wheals, lawful female human Valkyrie ------- |.....| |.....| |.....| #|.....| b@%....| @--.---- `## # # #+ # + ------- +# |)%)..| |%%...| |.%...| | |.....|# . |.....-# ------- wheals the Woman-at-arms Experience level: 13 Strength: 18/15 Dexterity: 13 Constitution: 19 Intelligence: 9 Wisdom: 13 Charisma: 7 Health: 102(118) Energy: 38(38) Def: 15 Gold: 646 Moves: 15736 Dungeon seed: NtBMSo9LHawGyuUO Game ID: wheals_1624278334 Your Inventory: Coins $ - 646 gold pieces Weapons a - the blessed rustproof +1 Excalibur (weapon in hand) n - the rustproof +0 Mjollnir Armor c - an uncursed +0 dwarvish iron helm (being worn) d - an uncursed +0 dwarvish mithril-coat (being worn) e - an uncursed +3 small shield (being worn) j - an uncursed +0 pair of iron shoes (being worn) Y - an uncursed +0 alchemy smock (being worn) Comestibles I - 16 uncursed lumps of royal jelly O - 2 uncursed cloves of garlic S - 2 uncursed lizard corpses T - an uncursed lembas wafer Scrolls m - a cursed scroll of teleportation u - 3 uncursed scrolls of identify v - an uncursed scroll of blank paper A - an uncursed scroll of scare monster H - 2 uncursed scrolls of create monster M - 2 uncursed scrolls of enchant weapon Q - 2 uncursed scrolls of teleportation R - an uncursed scroll of amnesia Z - an uncursed scroll of enchant armor Potions C - an uncursed potion of water L - an uncursed potion of paralysis W - an uncursed potion of confusion Rings f - a blessed +1 ring of gain constitution (on left hand) x - a cursed ring of hunger F - a cursed ring of slow digestion P - an uncursed ring of levitation V - an uncursed ring of invisibility Wands g - a wand of make invisible (0:4) i - a wand of digging (0:2) p - a wand of speed monster (0:3) q - a wand of teleportation (0:4) t - a wand of lightning (0:3) G - a wand of striking (0:5) U - a wand of probing (0:0) Tools k - an uncursed bag of holding o - an uncursed lock pick w - a +0 unicorn horn z - a blessed tallow candle (0:200) B - an uncursed sack D - 3 uncursed partly used tallow candles (0:198) X - an uncursed blindfold Gems r - an uncursed touchstone s - an uncursed luckstone y - an uncursed worthless piece of yellow glass Contents of the bag of holding: 8976 gold pieces an uncursed fire ant egg an uncursed eucalyptus leaf an uncursed lembas wafer 4 uncursed tripe rations a blessed scroll of blank paper 2 uncursed scrolls of blank paper a cursed scroll of confuse monster 2 uncursed scrolls of create monster an uncursed scroll of destroy armor a blessed scroll of earth an uncursed scroll of earth 2 uncursed scrolls of enchant armor an uncursed scroll of fire an uncursed scroll of genocide an uncursed scroll of identify an uncursed scroll of light 3 uncursed scrolls of remove curse 3 uncursed scrolls of teleportation an uncursed potion of acid an uncursed potion of confusion an uncursed potion of extra healing a blessed potion of gain level a blessed potion of object detection an uncursed potion of object detection 2 uncursed potions of water an uncursed ring of fire resistance an uncursed +3 ring of increase accuracy a cursed -2 ring of increase accuracy a cursed -1 ring of increase damage an uncursed ring of searching an uncursed ring of slow digestion an uncursed ring of teleport control an uncursed ring of warning Spells and supernatural/magical abilities: Name Level Category Fail Memory f - fireball 4 attack 100% 76% k - knock 1 matter 100% 100% s - slow monster 2 enchantment 100% 47% v - clairvoyance 3 divination 100% 100% w - wizard lock 2 matter 100% 76% H - haste self 3 escape 100% 88% O - create monster 2 clerical 100% 47% W - pray for help -- divine ? -- Your skills at the end: Fighting Skills Weapon Skills dagger [Basic] long sword [Expert] Spellcasting Skills Final Attributes: You were piously aligned. You were cold resistant. You were sleep resistant. You were poison resistant. You were level-drain resistant. You were acid resistant. You were telepathic. You had automatic searching. You were stealthy. You were fast. You were extremely lucky. You had extra luck. Bad luck did not time out for you. Good luck did not time out for you. You are dead. Vanquished creatures: a green dragon a vampire lord 2 vampires 10 ghosts 2 queen bees 2 giant mimics an umber hulk a doppelganger an air elemental an earth elemental a water elemental a xorn 3 giant zombies 2 wargs a small mimic 2 ettin mummies a quantum mechanic a gelatinous cube a flaming sphere 2 large cats a gargoyle a stone giant 2 human mummies 6 wraiths 2 ettin zombies 3 Grey-elves a horned devil 2 succubi 2 chameleons a crocodile a giant beetle a quivering blob 3 cockatrices 7 wolves 6 winter wolf cubs 3 panthers a leprechaun an orc-captain 2 iron piercers a mumak 6 giant spiders 2 scorpions a black light 2 vampire bats 4 gnome kings an orc mummy 2 dwarf mummies 2 ogres 2 brown puddings an owlbear 3 yetis 2 werewolves a Green-elf 2 lizards a dog 2 housecats 3 jaguars a blue jelly a white unicorn 2 gray unicorns a black unicorn a dust vortex 2 plains centaurs 3 gnome mummies a snake 4 apes 7 human zombies 2 rope golems 4 Woodland-elves a soldier ant a fire ant 2 bugbears 4 imps a water nymph a mountain nymph 2 orc shamans a rock piercer a rock mole 2 ponies 4 yellow lights 2 shriekers 2 violet fungi 9 gnome lords 6 gnomish wizards 2 kobold mummies 2 golden naga hatchlings 2 gray oozes 3 elf zombies 10 ghouls a paper golem 2 giant ants 8 floating eyes a kitten 4 dwarves a homunculus a kobold lord 3 kobold shamans 23 hill orcs 8 rothes 2 rabid rats 2 centipedes 4 giant bats 5 orc zombies 9 dwarf zombies 2 wererats 6 iguanas 51 killer bees 4 acid blobs 2 coyotes 2 gas spores 2 hobbits 2 large kobolds a hobgoblin 5 giant rats 4 cave spiders 3 brown molds 5 yellow molds a green mold 2 red molds 52 gnomes 27 garter snakes 9 gnome zombies 11 geckos 8 jackals 5 foxes a kobold 7 goblins 5 sewer rats 13 grid bugs 3 bats 4 lichens 8 kobold zombies 15 newts 542 creatures vanquished. Voluntary challenges: You used a wielded weapon 761 times, starting on turn 937. You read items or engraved 46 times, starting on turn 825. You never genocided any monsters. You never polymorphed an object. You never changed form. You used no wishes. You split 1 pudding, starting on turn 15203. You wrote Elbereth's name 2 times, starting on turn 15652. You violated your moral code, losing 22 points of alignment, starting on turn 7484. Dungeon overview: The Dungeons of Doom: levels 1 to 16 Level 1 some fountains a long staircase Level 2 (vault) a general store Level 3 Level 4 (vault) an altar to Tyr stairs to The Gnomish Mines Level 5 Level 6 an altar to Loki, a fountain, a sink Level 7 some fountains Level 8 stairs to Sokoban Level 9 a scroll shop, a fountain Level 10 Level 11 an altar to Loki, a fountain Level 12 (vault) a fountain Level 13 a fountain, a sink Level 14 an altar to Tyr, a fountain a magic portal Level 15 Level 16 <- You were here a fountain The Gnomish Mines: levels 5 to 12 Level 5 stairs to The Dungeons of Doom Level 6 Level 7 Level 8 many shops, a temple to Odin, some fountains Level 9 Level 10 Level 11 Level 12 some fountains Sokoban: levels 4 to 7 Level 4 Level 5 Level 6 Level 7 stairs to The Dungeons of Doom History has recorded: On T:1 you entered the Dungeons of Doom to retrieve the Amulet of Yendor! On T:284 you reached level 2 of The Dungeons of Doom. On T:1105 you advanced to experience level 2. On T:1150 you reached level 3 of The Dungeons of Doom. On T:1498 you reached level 4 of The Dungeons of Doom. On T:1642 you advanced to experience level 3. On T:1774 you reached level 1 of The Gnomish Mines. On T:1922 you advanced to experience level 4. On T:2139 you reached level 2 of The Gnomish Mines. On T:2170 you advanced to experience level 5. On T:3008 you advanced to experience level 6. On T:3025 you reached level 3 of The Gnomish Mines. On T:3611 you advanced to experience level 7. On T:3772 you reached level 4 of The Gnomish Mines. On T:3810 you reached level 7 of The Gnomish Mines. On T:4207 you reached level 6 of The Gnomish Mines. On T:4325 you advanced to experience level 8. On T:4356 you reached level 5 of The Gnomish Mines. On T:4894 you reached level 5 of The Dungeons of Doom. On T:5199 you reached level 6 of The Dungeons of Doom. On T:5497 you reached level 7 of The Dungeons of Doom. On T:5533 you reached level 9 of The Dungeons of Doom. On T:5611 you reached level 8 of The Dungeons of Doom. On T:6290 you reached level 4 of Sokoban. On T:6696 you reached level 3 of Sokoban. On T:7334 you advanced to experience level 9. On T:7347 you reached level 2 of Sokoban. On T:7785 you reached level 1 of Sokoban. On T:10342 you reached level 8 of The Gnomish Mines. On T:10755 you advanced to experience level 10. On T:11767 you reached level 10 of The Dungeons of Doom. On T:12111 you reached level 11 of The Dungeons of Doom. On T:12674 you received Mjollnir from Tyr. On T:13336 you reached level 12 of The Dungeons of Doom. On T:13765 you reached level 13 of The Dungeons of Doom. On T:13846 you advanced to experience level 11. On T:14267 you reached level 14 of The Dungeons of Doom. On T:15006 you reached level 15 of The Dungeons of Doom. On T:15570 you reached level 16 of The Dungeons of Doom. On T:15574 you advanced to experience level 12. On T:15654 you advanced to experience level 13. Score breakdown: Gold: 9622 (13549 points) Experience: 13 levels (19298 points) Exploration: 16 levels ( 34.78%) (17320 points) Discoveries: 28 items ( 11.38%) (10121 points) Valuables value: (no points given unless you survive) Artifact value: 8000 (13277 points) Variety of kills: 133 monsters ( 34.91%) (17724 points) Turncount: 15736 turns (-3048 points) Survival: died (score multiplied by 80%) Total score: 70592 Latest messages: The succubus hits! The winter wolf cub breathes frost! The succubus is killed by the blast of frost! The blast of frost hits you! You don't feel cold. The blast of frost bounces! You hit the winter wolf cub! The winter wolf cub bites! You kill the winter wolf cub! You see here a winter wolf cub corpse. The ettin mummy hits! The ettin mummy misses. You hit the ettin mummy! The ettin mummy hits! (2x) You hit the ettin mummy! You destroy the ettin mummy! There is an open door here. There are a few objects here. The Grey-elf zaps a forked wand! The death ray hits you! The sack is empty. The sack is empty. Final status: Farvel wheals the Valkyrie, killed by a death ray... You died in The Dungeons of Doom on dungeon level 16 with 70592 points, and 9622 pieces of gold, after 15736 moves. You were level 13 with a maximum of 118 hit points when you died.